Cogmind - Beta 13 @@@ ROGUE MODE // 2024.04.30 @ 12:31:51 Player: BrainTooSmol Result: Destroyed by P-70 Sage with High-powered Shock Rifle Performance ------------- Evolutions (5) 2500 Regions Visited (12) 2400 Robots Destroyed (120) 600 Value Destroyed (3515) 3515 Prototype IDs (4) 80 Alien Tech Used (0) 0 Bonus (318) 318 TOTAL SCORE: 9413 Bonus ------- High Alert Combat Kills 62 Follower Combat Kills 265 Friendly Fire -9 Cogmind --------- Core Integrity 0/1000 Matter 290/300 Energy 100/100 System Corruption 11% Temperature Cool (0) Movement Core (1400) Ox27 Location -5/Factory Parts ------- > --- POWER (2) -------- (None) > --- PROPULSION (5) --- (None) > --- UTILITY (8) ------ Huge Storage Unit Improved Signal Interpreter Hacking Suite System Shield > --- WEAPON (2) ------- Scythe > --- INVENTORY (25) --- Micro Nuclear Core Micro Nuclear Core Cesium-ion Thruster Cesium-ion Thruster Cesium-ion Thruster Improved Cesium-ion Thruster Small Storage Unit Advanced Sensor Array Experimental Sensor Array Transmission Jammer Reaction Control System Improved Light Armor Plating Hardlight Generator Mini Grenade Launcher Mini Grenade Launcher Peak State ------------ > --- POWER ------------ Micro Nuclear Core > --- PROPULSION ------- Compact Wheel Cesium-ion Thruster Cesium-ion Thruster > --- UTILITY ---------- Huge Storage Unit Structural Scanner Experimental Sensor Array Improved Signal Interpreter Hacking Suite Hacking Suite Hacking Suite System Shield > --- WEAPON ----------- Advanced Assault Cannon Scythe > --- INVENTORY -------- Micro Nuclear Core Micro Nuclear Core Micro Nuclear Core Cesium-ion Thruster Cesium-ion Thruster Cesium-ion Thruster Improved Cesium-ion Thruster Small Storage Unit Advanced Sensor Array Transmission Jammer Hardened Medium Armor Plating Improved Light Armor Plating Hardlight Generator Assault Cannon Mini Grenade Launcher Mini Grenade Launcher Scythe [Rating: 49] Favorites ----------- Power Micro Nuclear Core Engine Heavy Ion Engine Power Core Micro Nuclear Core Propulsion Wheel Treads Light Treads Leg Aluminum Leg Wheel Wheel Flight Unit Cesium-ion Thruster Utility Huge Storage Unit Device Improved Sensor Array Storage Huge Storage Unit Processor Improved Signal Interpreter Hackware Hacking Suite Protection Improved Light Armor Plating Weapon Medium Laser Energy Gun Medium Laser Ballistic Gun Shotgun Ballistic Cannon Advanced Assault Cannon Slashing Weapon Scythe Build | -11 -10 -10 -9 -9 -9 -8 -8 -7 -7 -7 -6 -5 ------- Run | Yrd Mat Min Mat Min Exi Min Mat Fac Was Fac Fac Fac Slots Evolved 10 | . . . 2 . . . 2 2 . . 2 2 Power 1 | . . . . . . . . . . . . 1 Propulsion 3 | . . . . . . . . 2 . . 1 . Utility 6 | . . . 2 . . . 2 . . . 1 1 Weapon . | . . . . . . . . . . . . . Parts Attached 126 | . 16 . 32 . . 1 29 . 1 38 1 8 Power 8 | . 1 . 2 . . . 2 . . 2 . 1 Engine 4 | . 1 . 2 . . . 1 . . . . . Core 4 | . . . . . . . 1 . . 2 . 1 Reactor . | . . . . . . . . . . . . . Propulsion 31 | . 7 . 6 . . . 7 . 1 8 . 2 Treads 3 | . 2 . . . . . 1 . . . . . Leg . | . . . . . . . . . . . . . Wheel 21 | . 5 . 6 . . . 6 . . 2 . 2 Hover . | . . . . . . . . . . . . . Flight 7 | . . . . . . . . . 1 6 . . Utility 52 | . 3 . 18 . . 1 8 . . 19 1 2 Device 22 | . . . 10 . . 1 3 . . 8 . . Storage 3 | . 1 . . . . . . . . 2 . . Processor 2 | . . . 1 . . . 1 . . . . . Hackware 6 | . . . 1 . . . 2 . . 1 1 1 Protection 19 | . 2 . 6 . . . 2 . . 8 . 1 Artifact . | . . . . . . . . . . . . . Weapon 35 | . 5 . 6 . . . 12 . . 9 . 3 Energy Gun 17 | . 5 . 5 . . . 6 . . 1 . . Energy Cannon . | . . . . . . . . . . . . . Ballistic Gun 2 | . . . 1 . . . 1 . . . . . Ballistic Cannon 8 | . . . . . . . 2 . . 5 . 1 Launcher . | . . . . . . . . . . . . . Special Weapon . | . . . . . . . . . . . . . Impact Weapon . | . . . . . . . . . . . . . Slashing Weapon 8 | . . . . . . . 3 . . 3 . 2 Piercing Weapon . | . . . . . . . . . . . . . Special Melee Weapon . | . . . . . . . . . . . . . Unidentified Prototypes 3 | . . . 2 . . . . . 1 . . . Parts Lost 41 | . 5 . 7 . . . 14 . . . 1 14 Power 3 | . . . 1 . . . . . . . . 2 Propulsion 19 | . 3 . 4 . . . 6 . . . 1 5 Utility 9 | . 1 . . . . . 4 . . . . 4 Weapon 10 | . 1 . 2 . . . 4 . . . . 3 Highest Loss Streak 8 | . 2 . 2 . . . 4 . . . 1 8 To Critical Strikes . | . . . . . . . . . . . . . Average Slot Usage (%) 92 | . 96 100 94 100 100 100 90 76 78 95 90 62 Engine 6 | . 14 14 10 11 11 11 3 . . . . . Core 3 | . . . . . . . 5 7 7 7 6 3 Wheel 15 | . 26 28 19 22 22 22 12 15 15 4 10 3 Flight 3 | . . . . . . . . . 5 25 13 4 Device 8 | . . . 9 11 11 11 8 7 3 15 13 6 Storage 9 | . 14 14 11 11 11 11 9 7 7 6 6 5 Processor 6 | . . . 8 . . . 8 7 7 7 6 5 Hackware 9 | . . . 1 11 11 11 16 7 7 10 19 19 Protection 8 | . 11 14 11 11 11 11 8 7 7 2 . . Energy Gun 11 | . 24 28 15 11 11 11 6 7 7 2 . . Ballistic Gun 3 | . 3 . 6 11 11 11 4 . . . . . Slashing Weapon 2 | . . . . . . . 4 7 7 6 6 4 Naked Turns . | . . . . . . . . . . . . . Heaviest Build 100 | 12 92 92 100 97 97 97 99 95 95 96 96 97 Greatest Support 40 | 20 40 20 20 20 20 20 32 32 32 32 32 20 Greatest Overweight (x) 32 | . 9 4 9 4 4 4 32 2 2 5 5 32 Average Overweight (x) 3 | . 3 4 4 4 4 4 5 2 2 . 2 6 Largest Inventory Capacity 25 | 8 25 25 25 25 25 25 25 25 25 25 25 25 Average Capacity 23 | 8 23 25 25 25 25 25 25 25 25 12 25 25 Most Carried 25 | 6 15 15 24 23 23 23 25 21 22 22 19 18 Average Carried 18 | 6 9 15 21 22 23 23 22 20 21 10 18 16 Final Capacity 25 | 8 25 25 25 25 25 25 25 25 25 25 25 25 Final Carried 23 | 6 15 15 22 23 23 23 21 21 22 19 18 15 Class Distribution -------------------- 36% | Mutant 25% | Scavenger-Mutant 23% | Hacker-Mutant 6% | Hacker-Assassin 5% | Scout Dominant Class ---------------- Mutant | -10/Materials Mutant | -10/Mines Mutant | -9/Materials Mutant | -9/Mines Mutant | -9/Exiles Mutant | -8/Mines Hacker-Mutant | -8/Materials Scavenger-Mutant | -7/Factory Scavenger-Mutant | -7/Waste Scout | -7/Factory Hacker-Assassin | -6/Factory Hacker-Mutant | -5/Factory Resources | -11 -10 -10 -9 -9 -9 -8 -8 -7 -7 -7 -6 -5 ----------- Run | Yrd Mat Min Mat Min Exi Min Mat Fac Was Fac Fac Fac Matter Collected 2493 | 203 291 . 517 . . . 729 . 30 624 2 97 Remotely . | . . . . . . . . . . . . . Salvage Created 4407 | 26 644 . 1771 . . . 1585 . . 77 . 304 Parts 267 | 2 38 . 109 . . . 98 . . 10 . 10 Haulers Intercepted 5 | . 1 . 3 . . . 1 . . . . . Recyclers Shooed 4 | . 2 . 1 . . . 1 . . . . . Parts Field Recycled . | . . . . . . . . . . . . . Retrieved Matter . | . . . . . . . . . . . . . Parts Self-Destructed . | . . . . . . . . . . . . . Prevented . | . . . . . . . . . . . . . Kills | -11 -10 -10 -9 -9 -9 -8 -8 -7 -7 -7 -6 -5 ------- Run | Yrd Mat Min Mat Min Exi Min Mat Fac Was Fac Fac Fac Combat Hostiles Destroyed 83 | . 14 . 32 . . . 30 . . 2 . 5 Melee 4 | . . . . . . . . . . . . 4 Guns 71 | . 13 . 30 . . . 28 . . . . . Cannons 4 | . . . . . . . 1 . . 2 . 1 Classes Destroyed 14 | 1 7 . 4 . . . 1 . . 1 . . Worker 8 | . 2 . 1 . . . 4 . . . . 1 Builder 1 | . . . 1 . . . . . . . . . Tunneler 1 | 1 . . . . . . . . . . . . Hauler 5 | . 1 . 3 . . . 1 . . . . . Recycler 3 | . 1 . . . . . 2 . . . . . Mechanic 1 | . 1 . . . . . . . . . . . Operator 6 | . . . 2 . . . 3 . . 1 . . Watcher 12 | . 2 . 5 . . . 5 . . . . . Swarmer 15 | . 6 . . . . . 9 . . . . . Grunt 43 | . 8 . 21 . . . 11 . . . . 3 Brawler 1 | . . . 1 . . . . . . . . . Sentry 18 | . . . 10 . . . 7 . . . . 1 Hunter 3 | . . . . . . . 3 . . . . . Programmer 3 | . . . . . . . . . . 2 . 1 Best Kill Streak 6 | 1 4 . 3 . . . 6 . . 1 . 3 Combat Bots Only 4 | . 3 . 3 . . . 4 . . 1 . 3 Max Kills in Single Turn 2 | 1 1 . 2 . . . 2 . . 1 . 1 Gunslinging . | . . . . . . . . . . . . . Exploded . | . . . . . . . . . . . . . Melee 1 | . . . . . . . . . . . . 1 Uniques/NPCs Destroyed . | . . . . . . . . . . . . . Combat | -11 -10 -10 -9 -9 -9 -8 -8 -7 -7 -7 -6 -5 -------- Run | Yrd Mat Min Mat Min Exi Min Mat Fac Was Fac Fac Fac Hostile Shots Fired 470 | . 76 . 131 . . . 140 . . 24 4 95 Missed 116 | . 17 . 40 . . . 36 . . 9 2 12 Damage Taken 5703 | . 684 . 1180 . . . 1481 . . 287 93 1978 Core 1675 | . 190 . 150 . . . 207 . . 77 40 1011 Absorbed by Shields . | . . . . . . . . . . . . . Regen/Repaired (Parts) 350 | . . . . . . . 93 . 257 . . . Core Remaining (%) 72 | 100 . 24 . . . 62 62 . . 89 95 . Volleys Fired 306 | 1 62 . 114 . . . 114 . . 8 . 7 Largest 2 | 2 2 . 2 . . . 2 . . 2 . 2 Hottest 125 | 60 100 . 125 . . . 106 . . 92 . 92 Shots Fired 597 | 2 124 . 221 . . . 224 . . 16 . 10 Gun 570 | 2 124 . 221 . . . 219 . . 4 . . Cannon 27 | . . . . . . . 5 . . 12 . 10 Launcher . | . . . . . . . . . . . . . Special . | . . . . . . . . . . . . . Kinetic 234 | 1 52 . 49 . . . 110 . . 12 . 10 Thermal 329 | . 56 . 155 . . . 114 . . 4 . . Explosive . | . . . . . . . . . . . . . Electromagnetic 34 | 1 16 . 17 . . . . . . . . . Robot Hit Streak 25 | 1 17 . 14 . . . 25 . . 3 . 5 Robot Miss Streak 7 | . 3 . 3 . . . 7 . . 1 . 1 Penetration Max 1 | . . . . . . . 1 . . . . . Secondary Targets 6 | . 2 . 2 . . . 2 . . . . . Max Gunslinging Chain 1 | . 1 . 1 . . . 1 . . . . . Shots Hit Robots 452 | 1 84 . 164 . . . 160 . . 17 . 26 Core Hits 214 | 1 33 . 82 . . . 83 . . 3 . 12 Critical Kills . | . . . . . . . . . . . . . Critical Parts Destroyed 2 | . . . . . . . 2 . . . . . Critical Strikes 19 | . . . 7 . . . 7 . . . . 5 Burn 11 | . . . 7 . . . 4 . . . . . Destroy 2 | . . . . . . . 2 . . . . . Blast 1 | . . . . . . . 1 . . . . . Sever 5 | . . . . . . . . . . . . 5 Melee Attacks 58 | . . . . . . . 7 . 1 28 . 22 Impact . | . . . . . . . . . . . . . Slashing 58 | . . . . . . . 7 . 1 28 . 22 Piercing . | . . . . . . . . . . . . . Sneak Attacks 4 | . . . . . . . 3 . . . . 1 Combat Hostiles . | . . . . . . . . . . . . . Follow-up Attacks . | . . . . . . . . . . . . . Damage Inflicted 7968 | 12 1084 . 2681 . . . 2811 . . 534 . 846 Guns 6189 | 12 1033 . 2681 . . . 2437 . . 26 . . Cannons 578 | . . . . . . . 125 . . 225 . 228 Explosions 51 | . 51 . . . . . . . . . . . Melee 1136 | . . . . . . . 235 . . 283 . 618 Ramming 14 | . . . . . . . 14 . . . . . Kinetic 3048 | . 422 . 669 . . . 1504 . . 225 . 228 Thermal 3369 | . 516 . 1769 . . . 1058 . . 26 . . Explosive . | . . . . . . . . . . . . . Electromagnetic 401 | 12 146 . 243 . . . . . . . . . Impact . | . . . . . . . . . . . . . Slashing 1136 | . . . . . . . 235 . . 283 . 618 Piercing . | . . . . . . . . . . . . . Highest Corruption 22 | . . . . . . . 2 . 22 22 . 10 Average Corruption 6 | . . . . . . . 1 . 14 17 . 7 Corruption Purged 10 | . . . . . . . . . . 10 . . Corruption Blocked . | . . . . . . . . . . . . . Effects 120 | . . . . . . . 25 . 10 78 . 7 Message Errors 20 | . . . . . . . 3 . 1 14 . 2 Matter Fused 36 | . . . . . . . 6 . 4 25 . 1 Heat Flow Errors 18 | . . . . . . . 3 . 1 13 . 1 Energy Discharges 16 | . . . . . . . 4 . . 10 . 2 Parts Fused 1 | . . . . . . . 1 . . . . . Data Loss (minor) 18 | . . . . . . . 5 . 4 9 . . Data Loss (major) 5 | . . . . . . . 2 . . 3 . . Misfires 3 | . . . . . . . 1 . . 2 . . Alerts 1 | . . . . . . . . . . 1 . . Misdirections 1 | . . . . . . . . . . 1 . . Weapon Failures 1 | . . . . . . . . . . . . 1 Overload Shots . | . . . . . . . . . . . . . Overflow Damage 247 | . . . . . . . 160 . . 49 . 38 Projectiles 28 | . . . . . . . . . . 28 . . Explosions . | . . . . . . . . . . . . . Melee 219 | . . . . . . . 160 . . 21 . 38 Knockbacks 5 | . . . . . . . . . . 2 . 3 Impact . | . . . . . . . . . . . . . Kinetic 5 | . . . . . . . . . . 2 . 3 Secondary . | . . . . . . . . . . . . . Self-Inflicted Damage 45 | . 38 . . . . . 7 . . . . . Shots 1 | . 1 . . . . . . . . . . . Rammed 1 | . . . . . . . 1 . . . . . Targets Rammed 1 | . . . . . . . 1 . . . . . Kicked . | . . . . . . . . . . . . . Crushed . | . . . . . . . . . . . . . Highest Temperature 409 | . 164 . 409 . . . 318 . 94 291 . 209 Average Temperature 70 | . 47 . 87 . . . 52 . 56 105 . 44 Received Heat Transfer 1827 | . 297 . 657 . . . 504 . . . . 369 Effects 2 | . . . 2 . . . . . . . . . Shutdowns 2 | . . . 2 . . . . . . . . . Siege Activations . | . . . . . . . . . . . . . Robots Corrupted 1 | . 1 . . . . . . . . . . . Combat Hostiles 1 | . 1 . . . . . . . . . . . Parts Fried 1 | . 1 . . . . . . . . . . . Impact Corruptions . | . . . . . . . . . . . . . Robots Melted 3 | . . . 2 . . . 1 . . . . . Combat Hostiles 3 | . . . 2 . . . 1 . . . . . Parts Melted 22 | . 2 . 12 . . . 8 . . . . . Heat Transferred 9338 | . 1161 . 4736 . . . 3367 . . 74 . . Parts Sabotaged . | . . . . . . . . . . . . . Parts Stolen . | . . . . . . . . . . . . . Parts Stripped . | . . . . . . . . . . . . . Power Chain Reactions 1 | . 1 . . . . . . . . . . . Alert | -11 -10 -10 -9 -9 -9 -8 -8 -7 -7 -7 -6 -5 ------- Run | Yrd Mat Min Mat Min Exi Min Mat Fac Was Fac Fac Fac Peak Influence 561 | 5 257 . 561 97 . . 294 112 80 100 15 40 Initial 112 | . 3 . . 97 . . . 112 39 13 7 7 Average 146 | 2 65 . 271 92 . . 188 112 37 38 8 9 Maximum Alert Level 2 | . 1 . 2 . . . 1 . . . . . Low Security (%) 61 | 100 88 100 26 100 . 100 42 100 100 100 100 100 Level 1 34 | . 11 . 54 . . . 57 . . . . . Level 2 4 | . . . 19 . . . . . . . . . Level 3 . | . . . . . . . . . . . . . Level 4 . | . . . . . . . . . . . . . Level 5 . | . . . . . . . . . . . . . High Security . | . . . . . . . . . . . . . Max Security . | . . . . . . . . . . . . . Squads Dispatched 24 | . 2 . 5 . . . 5 . . 8 2 2 Investigation 11 | . 2 . 3 . . . 1 . . 3 1 1 Extermination 3 | . . . . . . . . . . 2 . 1 Reinforcement 6 | . . . 2 . . . 3 . . . 1 . Assault . | . . . . . . . . . . . . . Garrison 4 | . . . . . . . 1 . . 3 . . Intercept . | . . . . . . . . . . . . . Searches Triggered . | . . . . . . . . . . . . . Construction Impeded . | . . . . . . . . . . . . . Haulers Reinforced . | . . . . . . . . . . . . . Active Scanning Responses . | . . . . . . . . . . . . . Cargo Convoy Interrupts . | . . . . . . . . . . . . . Stealth | -11 -10 -10 -9 -9 -9 -8 -8 -7 -7 -7 -6 -5 --------- Run | Yrd Mat Min Mat Min Exi Min Mat Fac Was Fac Fac Fac Distress Signals 5 | . 2 . 1 . . . 1 . . . . 1 Communications Jammed . | . . . . . . . . . . . . . Distress Signals . | . . . . . . . . . . . . . Times Spotted 147 | . 25 . 48 . . . 47 . 5 12 1 9 Peak Tracking Total 5 | . 4 . 3 . . . 3 . 2 3 1 5 Tactical Retreats 11 | . 1 . 4 . . . 3 . . 2 1 . Traps | -11 -10 -10 -9 -9 -9 -8 -8 -7 -7 -7 -6 -5 ------- Run | Yrd Mat Min Mat Min Exi Min Mat Fac Was Fac Fac Fac Traps Triggered 16 | . 1 . 3 . . . 3 1 . 6 . 2 Indirectly . | . . . . . . . . . . . . . Trap Hack Attempts . | . . . . . . . . . . . . . Triggered . | . . . . . . . . . . . . . Disarmed . | . . . . . . . . . . . . . Reprogrammed 4 | . . . . . . . 4 . . . . . Reused 1 | . . . . . . . 1 . . . . . Traps Extracted . | . . . . . . . . . . . . . Installed . | . . . . . . . . . . . . . Triggered 1 | . . . . . . . 1 . . . . . Machines | -11 -10 -10 -9 -9 -9 -8 -8 -7 -7 -7 -6 -5 ---------- Run | Yrd Mat Min Mat Min Exi Min Mat Fac Was Fac Fac Fac Machines Disabled 3 | . 1 . . . . . 1 . . 1 . . Max in Single Turn 1 | . 1 . . . . . 1 . . 1 . . Garrison Access 1 | . . . . . . . . 1 . . . . Machines Repaired . | . . . . . . . . . . . . . Machines Dismantled . | . . . . . . . . . . . . . Machines Sabotaged . | . . . . . . . . . . . . . Overloaded Fab Kills . | . . . . . . . . . . . . . Hacking | -11 -10 -10 -9 -9 -9 -8 -8 -7 -7 -7 -6 -5 --------- Run | Yrd Mat Min Mat Min Exi Min Mat Fac Was Fac Fac Fac Machines Accessed 59 | . 10 . 12 . 1 . 12 2 . 17 3 2 Terminals 33 | . 8 . 9 . . . 6 . . 9 1 . Fabricators 5 | . . . . . . . . 1 . 3 . 1 Repair Stations 1 | . . . . . . . 1 . . . . . Recycling Units 10 | . 2 . 2 . . . 2 . . 3 1 . Scanalyzers 4 | . . . 1 . . . 2 . . . . 1 Garrison Access 5 | . . . . . . . 1 1 . 2 1 . Total Hacks 166 | . 30 . 33 . 4 . 35 4 . 40 8 12 Successful 100 | . 18 . 25 . 4 . 26 2 . 11 3 11 Failed 64 | . 11 . 7 . . . 9 2 . 29 5 1 Catastrophic 9 | . 2 . 1 . . . . . . 5 1 . Database Lockouts 2 | . 1 . 1 . . . . . . . . . Manual 81 | . 25 . 18 . . . 15 . . 17 6 . Terminals 81 | . 23 . 19 . . . 14 . . 21 4 . Fabricators 14 | . . . . . . . . 2 . 7 . 5 Repair Stations 3 | . . . . . . . 3 . . . . . Recycling Units 27 | . 7 . 6 . . . 3 . . 9 2 . Scanalyzers 28 | . . . 8 . . . 13 . . . . 7 Garrison Access 9 | . . . . . . . 2 2 . 3 2 . Terminal Hacks 23 | . 6 . 10 . 4 . 3 . . . . . Record 4 | . . . . . 4 . . . . . . . Part Schematic 7 | . 3 . 3 . . . 1 . . . . . Robot Analysis 1 | . 1 . . . . . . . . . . . Branch Access Points 2 | . . . 1 . . . 1 . . . . . Emergency Access Points 1 | . 1 . . . . . . . . . . . Terminal Index 1 | . 1 . . . . . . . . . . . Scanalyzer Index 1 | . . . 1 . . . . . . . . . Unreport Threat 2 | . . . 2 . . . . . . . . . Reprogram Traps 1 | . . . . . . . 1 . . . . . Recall Investigation 2 | . . . 2 . . . . . . . . . Zone Layout 1 | . . . 1 . . . . . . . . . Fabricator Hacks 8 | . . . . . . . . 1 . 3 . 4 Network Status 3 | . . . . . . . . 1 . 1 . 1 Load Schematic 3 | . . . . . . . . . . 1 . 2 Build 2 | . . . . . . . . . . 1 . 1 Repair Station Hacks 3 | . . . . . . . 3 . . . . . Scan Component 1 | . . . . . . . 1 . . . . . Repair 1 | . . . . . . . 1 . . . . . Refit 1 | . . . . . . . 1 . . . . . Recycling Unit Hacks 6 | . 2 . 2 . . . 1 . . 1 . . Report Inventory 2 | . 1 . . . . . 1 . . . . . Retrieve Components 4 | . 1 . 2 . . . . . . 1 . . Scanalyzer 28 | . . . 8 . . . 13 . . . . 7 Insert Component 13 | . . . 4 . . . 6 . . . . 3 Analyze 15 | . . . 4 . . . 7 . . . . 4 Garrison Access Hacks 1 | . . . . . . . . 1 . . . . Seal Access 1 | . . . . . . . . 1 . . . . Unauthorized Hacks 31 | . 10 . 5 . . . 6 . . 7 3 . Terminals 20 | . 7 . 3 . . . 4 . . 4 2 . Assimilate 7 | . 4 . 1 . . . 2 . . . . . Botnet 10 | . 2 . 2 . . . 2 . . 3 1 . Operators 3 | . 1 . . . . . . . . 1 1 . Fabricators . | . . . . . . . . . . . . . Repair Stations . | . . . . . . . . . . . . . Recycling Units 10 | . 3 . 2 . . . 2 . . 2 1 . Reject 4 | . 1 . 1 . . . 1 . . 1 . . Mask 6 | . 2 . 1 . . . 1 . . 1 1 . Scanalyzers . | . . . . . . . . . . . . . Garrison Access 1 | . . . . . . . . . . 1 . . Reprogram 1 | . . . . . . . . . . 1 . . Data Cores Recovered . | . . . . . . . . . . . . . Used . | . . . . . . . . . . . . . Hacking Detections 45 | . 9 . 9 . . . 9 1 . 13 3 1 Full Trace Events 10 | . 1 . 3 . . . 1 . . 3 1 1 Feedback Events 2 | . . . . . . . 2 . . . . . Corruption 1 | . . . . . . . 1 . . . . . Hackware Fried 1 | . . . . . . . 1 . . . . . Feedback Blocked . | . . . . . . . . . . . . . Robot Schematics Acquired . | . . . . . . . . . . . . . Robots Built . | . . . . . . . . . . . . . Authchips . | . . . . . . . . . . . . . Time . | . . . . . . . . . . . . . Total Robot Build Rating . | . . . . . . . . . . . . . Part Schematics Acquired 19 | . 3 . 6 . . . 7 . . . . 3 Parts Built 2 | . . . . . . . . . . 1 . 1 Authchips . | . . . . . . . . . . . . . Time 91 | . . . . . . . . . . 24 . 67 Total Part Build Rating 7 | . . . . . . . . . . 3 . 4 Parts Repaired 1 | . . . . . . . 1 . . . . . Time 51 | . . . . . . . 51 . . . . . Parts Recycled . | . . . . . . . . . . . . . Recycled Matter . | . . . . . . . . . . . . . Retrieved Matter . | . . . . . . . . . . . . . Retrieved Components 21 | . 5 . 15 . . . . . . 1 . . Parts Scanalyzed 13 | . . . 4 . . . 6 . . . . 3 Part Schematics Acquired 13 | . . . 4 . . . 6 . . . . 3 Parts Damaged . | . . . . . . . . . . . . . Bothacking | -11 -10 -10 -9 -9 -9 -8 -8 -7 -7 -7 -6 -5 ------------ Run | Yrd Mat Min Mat Min Exi Min Mat Fac Was Fac Fac Fac Used RIF Installer . | . . . . . . . . . . . . . Robots Hacked . | . . . . . . . . . . . . . Non-combat . | . . . . . . . . . . . . . Combat . | . . . . . . . . . . . . . Robot Hacks Applied . | . . . . . . . . . . . . . Relay Couplers Released . | . . . . . . . . . . . . . Fabnet Peak Effective % . | . . . . . . . . . . . . . Robots Rewired . | . . . . . . . . . . . . . Allies Hacked . | . . . . . . . . . . . . . Hacks Repelled . | . . . . . . . . . . . . . Allies | -11 -10 -10 -9 -9 -9 -8 -8 -7 -7 -7 -6 -5 -------- Run | Yrd Mat Min Mat Min Exi Min Mat Fac Was Fac Fac Fac Total Allies 25 | . 2 2 1 . . . . . 20 . . . Largest Group 20 | . 2 4 4 3 3 3 3 2 20 3 . . Highest-Rated Group 506 | . 20 65 65 30 30 30 30 20 506 84 . . Highest-Rated Ally 35 | . 10 31 31 10 10 10 10 10 35 31 . . Total Orders 31 | . 4 2 14 2 . 2 6 1 . . . . STAY 15 | . 2 1 6 1 . 1 3 1 . . . . FOLLOW 16 | . 2 1 8 1 . 1 3 . . . . . Ally Attacks 173 | . . . 9 . . . . . 163 1 . . Total Damage 6497 | . . . 126 . . . . . 6371 . . . Kills 22 | . . . 3 . . . . . 19 . . . Allies Corrupted 1 | . . . . . . . . . . 1 . . Allies Melted . | . . . . . . . . . . . . . Intel | -11 -10 -10 -9 -9 -9 -8 -8 -7 -7 -7 -6 -5 ------- Run | Yrd Mat Min Mat Min Exi Min Mat Fac Was Fac Fac Fac Robot Analysis Total 1 | . 1 . . . . . . . . . . . Derelict Logs Recovered 2 | . . 2 . . . . . . . . . . Drone Launches . | . . . . . . . . . . . . . Drone Recoveries . | . . . . . . . . . . . . . Exploration | -11 -10 -10 -9 -9 -9 -8 -8 -7 -7 -7 -6 -5 ------------- Run | Yrd Mat Min Mat Min Exi Min Mat Fac Was Fac Fac Fac Turns Passed 17620 | 29 2383 782 3831 418 182 199 6370 322 240 1890 347 627 Spaces Moved 10223 | 19 940 543 1953 268 129 135 2104 231 155 3313 244 189 Core 88 | . 3 . . . . . 71 . . . . 14 Treads 6 | . 6 . . . . . . . . . . . Legs 29 | 19 10 . . . . . . . . . . . Wheels 7178 | . 921 543 1953 268 129 135 2033 231 155 391 244 175 Hover . | . . . . . . . . . . . . . Flight 2922 | . . . . . . . . . . 2922 . . Fastest Speed 26 | 120 80 140 140 140 140 140 130 130 130 26 130 140 Average Speed 125 | 120 137 140 152 140 140 140 206 130 130 38 141 269 Slowest Speed 1650 | 120 215 140 215 140 140 140 1650 130 130 175 175 1650 Overloaded Moves . | . . . . . . . . . . . . . Propulsion Burnouts . | . . . . . . . . . . . . . Robots Hopped 9 | . . . . . . . . . . 9 . . Cave-ins Triggered . | . . . . . . . . . . . . . Exploration Rate (%) 50 | 3 93 93 97 45 48 23 90 10 86 57 7 4 Regions Visited 12 Branch Regions 4 Pre-discovered Areas 1 | . . . . . 1 . . . . . . . Known Exits Taken 5 | . . . 1 . . 1 1 . . 1 1 . Unknown Exits Taken 5 | 1 1 1 . 1 1 . . . . . . . Scrap Searched 2 | . . 1 . 1 . . . . . . . . Spaces Dug 22 | . . . . . . . 4 . 1 17 . . Terrain Destroyed 28 | . 2 . . . . . 5 . 1 19 . 1 Melee 22 | . . . . . . . 4 . 1 17 . . Projectile 4 | . . . . . . . 1 . . 2 . 1 AOE 2 | . 2 . . . . . . . . . . . Terrain Rammed . | . . . . . . . . . . . . . Walls Destroyed . | . . . . . . . . . . . . . Machines Disabled . | . . . . . . . . . . . . . Actions | -11 -10 -10 -9 -9 -9 -8 -8 -7 -7 -7 -6 -5 --------- Run | Yrd Mat Min Mat Min Exi Min Mat Fac Was Fac Fac Fac Total 14366 | 23 1905 565 2578 311 130 144 3887 254 192 3865 247 265 Wait 3484 | 4 865 23 426 43 2 9 1601 21 35 424 1 30 Move 10194 | 18 939 542 1952 267 128 134 2103 231 154 3294 243 189 Hop 9 | . . . . . . . . . . 9 . . Pick Up 78 | . 14 . 24 1 . . 14 1 . 22 1 1 Fast Attach 49 | . 6 . 9 . . . 13 . 1 18 . 2 Attach 30 | . 4 . 6 . . . 10 . . 5 1 4 Detach 12 | . . . 2 . . . 3 . 1 6 . . Swap 48 | . 6 . 18 . . 1 6 . . 15 . 2 Drop 71 | . 9 . 27 . . . 15 1 . 18 1 . Fire 306 | 1 62 . 114 . . . 114 . . 8 . 7 Melee 58 | . . . . . . . 7 . 1 28 . 22 Ram 1 | . . . . . . . 1 . . . . . Kick . | . . . . . . . . . . . . . Crush . | . . . . . . . . . . . . . Escape Stasis 26 | . . . . . . . . . . 18 . 8 Rewire . | . . . . . . . . . . . . . Trap . | . . . . . . . . . . . . . Miscellaneous . | . . . . . . . . . . . . . Route ------- -11/Scrapyard -10/Materials (discovered 5 exits: *Mat x3 / [*Min] / [*Sub]) -10/Mines (discovered 2 exits: *Mat x2) -9/Materials (discovered 5 exits: *Mat x3 / *Min x2) -9/Mines -9/Exiles -8/Mines -8/Materials (discovered 3 exits: *Fac x3) -7/Factory -7/Waste -7/Factory (discovered 4 exits: *Fac x3 / *Sto) -6/Factory -5/Factory History --------- Turn | Location | Event 1 | -11/Scrapyard | Discovered new exit (range 3) 30 | -11/Scrapyard | Entered Materials 303 | -10/Materials | Discovered new exit (range 14) 479 | -10/Materials | Build established: Scavenger-Mutant 496 | -10/Materials | Core integrity fell below 50% 677 | -10/Materials | Discovered new exit (range 8) 923 | -10/Materials | Build established: Mutant 945 | -10/Materials | Discovered new exit (range 8) 998 | -10/Materials | Discovered new exit (range 8) 2252 | -10/Materials | Discovered new exit (range 15) 2279 | -10/Materials | Central database locked down 2413 | -10/Materials | Entered Mines 2413 | -10/Mines | Accompanied by 2 allies 2440 | -10/Mines | Discovered new exit (range 10) 2459 | -10/Mines | Learned 8 Materials zone layouts 2754 | -10/Mines | Learned 2 Materials zone layouts 3008 | -10/Mines | Discovered new exit (range 5) 3195 | -10/Mines | Entered Materials 3195 | -9/Materials | Accompanied by 4 allies 3195 | -9/Materials | Evolved 2 slots: Utility x2 3196 | -9/Materials | Identified exit to Mines 3196 | -9/Materials | Identified exit to Materials 3200 | -9/Materials | Led the pair of lost Derelicts to an unsafe place 4186 | -9/Materials | Build established: Scavenger-Mutant 5383 | -9/Materials | Discovered exit to Materials (range 11) 5520 | -9/Materials | Build established: Mutant 6912 | -9/Materials | Central database locked down 7026 | -9/Materials | Entered Mines 7026 | -9/Mines | Accompanied by 3 allies 7109 | -9/Mines | Deemed a non-threat by the Exiles lab entrance 7109 | -9/Mines | Discovered new exit (range 5) 7331 | -9/Mines | Found a damaged Exp. Sensor Array with a note attached 7334 | -9/Mines | Found Prototype Device 7444 | -9/Mines | Entered Exiles 7444 | -9/Exiles | Accompanied by 3 allies 7482 | -9/Exiles | Met 8R-AWN 7505 | -9/Exiles | Met EX-HEX 7561 | -9/Exiles | Met EX-DEC 7566 | -9/Exiles | Learned location of Zion (-7) 7607 | -9/Exiles | Discovered new exit (range 14) 7626 | -9/Exiles | Entered Mines 7626 | -8/Mines | Accompanied by 3 allies 7735 | -8/Mines | Discovered exit to Materials (range 10) 7825 | -8/Mines | Entered Materials 7825 | -8/Materials | Accompanied by 3 allies 7825 | -8/Materials | Evolved 2 slots: Utility x2 8563 | -8/Materials | Build established: Hacker-Mutant 8970 | -8/Materials | Lost 4 parts (2n1u1w) 9275 | -8/Materials | Build established: Scavenger-Mutant 9286 | -8/Materials | Repaired Hvy. Ion Engine 9535 | -8/Materials | Discovered new exit (range 15) 9917 | -8/Materials | Discovered new exit (range 9) 10201 | -8/Materials | Discovered new exit (range 3) 10213 | -8/Materials | Identified exit to Factory 10515 | -8/Materials | Garrison activated, responded to threat 11241 | -8/Materials | Build established: Hacker-Mutant 13870 | -8/Materials | Identified Exp. Sensor Array 14043 | -8/Materials | Hacking Suite fried by hacking feedback 14195 | -8/Materials | Entered Factory 14195 | -7/Factory | Accompanied by 2 allies 14195 | -7/Factory | Evolved 2 slots: Propulsion x2 14376 | -7/Factory | Build established: Scavenger-Mutant 14517 | -7/Factory | Sucked down chute 14517 | -7/Factory | Entered Waste 14518 | -7/Waste | Met a frightened Derelict 14532 | -7/Waste | EMP discharged 14548 | -7/Waste | Met Warlord forces unprepared to attack 14551 | -7/Waste | Spotted C-40 Crusher 14551 | -7/Waste | Spotted C-40 Crusher 14557 | -7/Waste | Allies destroyed C-40 Crusher 14560 | -7/Waste | Allies destroyed C-40 Crusher 14567 | -7/Waste | Spotted C-40 Crusher 14612 | -7/Waste | Spotted C-40 Crusher 14614 | -7/Waste | Allies destroyed C-40 Crusher 14632 | -7/Waste | EMP discharged 14632 | -7/Waste | System corruption reached 10% 14644 | -7/Waste | Lost 13 allies 14650 | -7/Waste | Spotted C-40 Crusher 14670 | -7/Waste | Allies destroyed C-40 Crusher 14701 | -7/Waste | Lost 4 allies 14718 | -7/Waste | Discovered new exit (range 12) 14732 | -7/Waste | EMP discharged 14732 | -7/Waste | Identified exit to Factory 14757 | -7/Waste | Entered Factory 14757 | -7/Factory | Accompanied by 3 allies 15042 | -7/Factory | Discovered new exit (range 10) 15044 | -7/Factory | Identified exit to Storage 15151 | -7/Factory | Build established: Scout 15256 | -7/Factory | Discovered new exit (range 7) 15258 | -7/Factory | Identified exit to Factory 15258 | -7/Factory | Discovered exit to Factory (range 6) 15351 | -7/Factory | Discovered exit to Factory (range 15) 15792 | -7/Factory | Fabricated Hacking Suite? 16064 | -7/Factory | Build established: Hacker-Scout 16350 | -7/Factory | Garrison activated, responded to threat 16490 | -7/Factory | Build established: Hacker-Assassin 16647 | -7/Factory | Entered another Factory area 16647 | -6/Factory | Evolved 2 slots: Propulsion x1, Utility x1 16938 | -6/Factory | Discovered new exit (range 7) 16947 | -6/Factory | Identified exit to Factory 16994 | -6/Factory | Entered another Factory area 16994 | -5/Factory | Evolved 2 slots: Power x1, Utility x1 17362 | -5/Factory | Lost 3 parts (1n2w) 17369 | -5/Factory | Fabricated Imp. Cesium-ion Thruster (x1) 17457 | -5/Factory | Core integrity fell below 50% 17502 | -5/Factory | Lost 8 parts (1p3n4u) 17507 | -5/Factory | Core integrity fell below 20% 17602 | -5/Factory | Build established: Hacker-Mutant 17620 | -5/Factory | System corruption reached 10% 17621 | -5/Factory | Destroyed by P-70 Sage with High-powered Shock Rifle Last Messages --------------- 17458_ N6//X5SQBQKDF:1S0RO/G%| 17458_ Cesium-ion Thruster destroyed. 17459_ Structural Scanner destroyed. 17461_ G-50 Soldier destroyed. 17463_ R-10 Processor collects Neutrino Core. 17466_ R-10 Processor collects Lgt. Angular Momentum Engine. 17469_ R-10 Processor collects Unknown Energy Gun. 17471_ Hacking Suite destroyed. 17472_ R-10 Processor collects Imp. Treads. 17476_ R-10 Processor collects Hpw. Shock Rifle. 17477_ Acquired 84 matter. 17479_ Critical hit (Burn: +37). 17502_ Scythe destroyed. 17511_ G-50 Soldier destroyed. 17513_ System corrupted: Heat flow error (+249). 17544_ K-01 Serf collects debris. 17580_ K-01 Serf cleans the Fabricator. 17584_ K-01 Serf collects debris. 17588_ K-01 Serf cleans the Fabricator. 17611_ System corrupted: Energy discharge (-35). Map ----- +----------------------------------------------------+ | ?????????????????????????## ###### #####"""""## | | ???????????????????######## ###### ####" ! " | | ???????????????????########+###### ### " " | | ???????????????????## # ### " " | | ???????????????????## # ### # " | | ???????????????????## # ##### " | | ???????????????????## # # " | | ???????????????????## # # | | ???????????????????## + + | | ???????????????????## # # | | ???????????????????## *!! + | | ???????????????????## *!! # # | | ???????????????????## *! # # " | | ???????????????????## # " | | ???????????????????## # # | | ??????????????????################ """""""# | | ??????????????????## ! + "#""#### | | ??????????????????## ??""" ! # # # | | ???????????????????????""" ? # # # | | ???????????????????????""" !!??? # #!! # | | ????????????????????????"" ????? # # ! # | | ??????????????????????? ??????? # # !# | | ????????????????????############## # """ # | | ???????????????????############### + """ # | | ???????????????????## p # # """ # | | ???????????????????##= @ p [# # # | | ???????????????????## " " %# ######## | | ???????????????????## """p %#= ###### | | ???????????????????## """" *%# [ ##???? | | ???????????????????## """" =! + % % ##???? | | ???????????????????## """*# % ##???? | | ???????????????????## """" """=#% ##???? | | ???????????????????## """" = " # ####???? | | ???????????????????## """" "F" # ####???? | | ?????????????????????? """" """ # ##?????? | | ????????????????????? # ##?????? | | ?????????????????????############# ##?????? | | ?????????????????????############# ##?????? | | ????????????????????????????????## ##?????? | | ???????????????????????????????? # ##?????? | | ???????????????????????????????? # ##?????? | | ???????????????????????????????? # ##?????? | | ???????????????????????????????? # # ?????? | | ???????????????????????????????? # # ?????? | | ???????????????????????????????? # # ?????? | | ???????????????????????????????? # # ?????? | | ???????????????????????????????? # # ?????? | | ?????????????????????????????????? # ?????? | | ?????????????????????????????????? # ?????? | | ??????????????????????????????????????????????? | +----------------------------------------------------+ Best States ------------- Heat Dissipation 40 Energy Generation 18 Energy Capacity 280 Matter Stores 300 Matter Capacity 300 Sight Range 18 Robot Scan Range 20 Terrain Scan Density 10 Additional Mass Support 6 Armor Coverage 375 Evasion (%) 64 Recoil Reduction 2 Offensive Hacking 30 Defensive Hacking 10 Item Schematics ----------------- ECM Suite | -10/Materials | Hacked Sml. Storage Unit | -10/Materials | Hacked VTOL Module | -10/Materials | Hacked Mni. Grenade Launcher | -9/Materials | Scanalyzed Hacking Suite | -9/Materials | Scanalyzed Cesium-ion Thruster | -9/Materials | Scanalyzed Imp. Light Armor Plating | -9/Materials | Scanalyzed System Shield | -9/Materials | Hacked Lgt. Ion Engine | -9/Materials | Hacked Imp. Sensor Array | -8/Materials | Hacked Mic. Nuclear Core | -8/Materials | Scanalyzed Exp. Sensor Array | -8/Materials | Scanalyzed Hrd. Medium Armor Plating | -8/Materials | Scanalyzed Hardlight Generator | -8/Materials | Scanalyzed Weight Redist. System | -8/Materials | Scanalyzed Scythe | -8/Materials | Scanalyzed Transmission Jammer | -5/Factory | Scanalyzed Imp. Cesium-ion Thruster | -5/Factory | Scanalyzed Reaction Control System | -5/Factory | Scanalyzed Robot Schematics ------------------ None Fabricated ------------ Hacking Suite | x1 | -7/Factory Imp. Cesium-ion Thruster | x1 | -5/Factory Alien Tech Used ----------------- None Achievements -------------- None Challenges ------------ None Game ------ Seed MassSwordCarapace Manual? 0 Play Time 02:08:14 Cumulative 68.8 hours Start 2024.04.30 @ 10:22:42 End 2024.04.30 @ 12:31:51 Sessions 3 Manual Loads 0 Difficulty Rogue Special Mode None Game No. 43 Rogue 43 Adventurer 0 Explorer 0 Win Type - Total 1 Types 1/0/0/0/0/0/0/0/0 Lore% 51 Gallery% 41 Achievement% 39 Wizard Run 0 Options --------- Layout 0 ASCII 0 Keyboard 0 Movement Mouse Keybinds 0 Fullscreen 1 Font 18/SmallcapsGlow Map View 76x50 Zoom Use 0% Tactical HUD 1 Map Filters NONE Filters NONE Steam 1 RUN: b92a6096-2a56-4d79-8a50-d772ea164043